 Dungeon Crawl Stone Soup version 0.31-a0-167-g1c394c0614 (webtiles) character file.

Game seed: 10212994882484249171

67 qw the Shooter (level 4, -1/39 HPs)
             Began as a Naga Hunter on June 14, 2023.
             Slain by an ice beast (14 damage)
             ... on level 5 of the Dungeon.
             The game lasted 00:01:07 (1442 turns).

qw the Shooter (Naga Hunter)                        Turns: 1442, Time: 00:01:08

Health: -1/39      AC:  2    Str: 13    XL:     4   Next: 16%
Magic:  4/4        EV:  9    Int: 10    God:
Gold:   175        SH:  0    Dex: 16    Spells: 3/3 levels left

rFire   . . .        Y - +0 shortbow
rCold   . . .        (shield currently unavailable)
rNeg    . . .        c - +0 leather armour
rPois   +            (no helmet)
rElec   .            (no cloak)
rCorr   +            (no gloves)
SInv    +            (no barding)
Will    .....        (no amulet)
Stlth   ++           i - ring of resist corrosion
HPRegen 0.26/turn    (no ring)
MPRegen 0.09/turn

%: no passive effects
@: very slow
A: AC +1, large, see invisible, deformed body, poison resistance, slowness 2,
spit poison 1, naga tail 1
a: Spit Poison


You were on level 5 of the Dungeon.
You visited 1 branch of the dungeon, and saw 4 of its levels.

You collected 175 gold pieces.


Innate Abilities, Weirdness & Mutations

Your serpentine skin is tough. (AC +1)
You have supernaturally acute eyesight. (SInv)
Armour fits poorly on your strangely shaped body.
Your system is resistant to poisons. (rPois)
You cover ground very slowly.
You can spit poison.
You have a snake-like lower body.


   Skills:
 + Level 2.3 Fighting
 - Level 5.0 Ranged Weapons
 - Level 1.5 Dodging
 - Level 1.5 Stealth


You had 3 spell levels left.
You didn't know any spells.
Your spell library was empty.

Inventory:

Hand Weapons
 Y - a +0 shortbow (weapon)
Armour
 b - a +0 helmet
 c - a +0 leather armour (worn)
Jewellery
 a - a ring of magical power
 i - a ring of resist corrosion (left hand)
Potions
 d - a potion of haste
 e - a potion of berserk rage {unknown}
 f - a potion of heal wounds {unknown}
 g - a potion of magic {unknown}
 h - a potion of cancellation {unknown}
 j - a potion of resistance {unknown}
 k - a potion of attraction {unknown}

Dungeon Overview and Level Annotations

Branches:
Dungeon (3/15)

Altars:

Shops:
D:2 (


Message History

The bat hits you.
You shoot an arrow. The arrow hits the bat.
You kill the bat!
You start resting.
You have got your breath back.
HP restored.
Things that are here:
a bat corpse; a bat corpse
Things that are here:
a bat corpse; a bat corpse You see here a bat corpse.
You see here a bat corpse.
Things that are here:
a bat corpse; a bat corpse You see here a +0 hand axe.
k - a ruby potion
Enter note:
Enter note:
Enter note: A sourceless malevolence fills the Dungeon...
You fall into a shaft and drop 2 floors!
The shaft crumbles and collapses.
You now have 175 gold pieces (gained 16).
An ice beast comes into view.
Waypoint 3 assigned to D:5.
You shoot an arrow.
The arrow hits the ice beast but does no damage.
You shoot an arrow. The arrow hits the ice beast.
The ice beast is lightly wounded.
The ice beast barely misses you.
You shoot an arrow. The arrow barely misses the ice beast.
The ice beast hits you. The ice beast freezes you!
You shoot an arrow. The arrow hits the ice beast.
The ice beast is lightly wounded.
The ice beast barely misses you.
You shoot an arrow. The arrow hits the ice beast!
The ice beast is moderately wounded.
The ice beast hits you. The ice beast freezes you!
You shoot an arrow. The arrow closely misses the ice beast.
The ice beast hits you. The ice beast freezes you!
You die... ## .. #.###############.## #..............@Y..# #.###############..# .# #

You could see an ice beast.

Vanquished Creatures
  An adder (D:2)
  A worm (D:2)
  3 endoplasms
  3 giant cockroaches
  4 goblins
  10 hobgoblins
  A quokka (D:2)
  6 ball pythons
  15 bats
  2 frilled lizards
  2 kobolds
  3 rats
51 creatures vanquished.

Notes
Turn   | Place    | Note
-------+----------+-------------------------------------------
     0 | D:1      | qw the Naga Hunter began the quest for the Orb.
     0 | D:1      | Reached XP level 1. HP: 19/19 MP: 1/1
     0 | D:1      | 0 ||| qw: Version: 0.2-a-29-g1fa15c8
     0 | D:1      | 0 ||| qw: Game counter: 4874
     0 | D:1      | 0 ||| qw: Always use a shield: true
     0 | D:1      | 0 ||| qw: God list: Okawaru
     0 | D:1      | 0 ||| qw: Allow faded altars: false
     0 | D:1      | 0 ||| qw: Do Orc after D:15 true
     0 | D:1      | 0 ||| qw: Do second Lair branch before Depths: true
     0 | D:1      | 0 ||| qw: Lair rune preference: random
     0 | D:1      | 0 ||| qw: Plans: Normal
     0 | D:1      | 0 ||| PLANNING D:1-11
    12 | D:1      | 12 ||| INVOKING Spit Poison.
    14 | D:1      | 14 ||| DROPPING scroll of butterflies.
    31 | D:1      | 31 ||| INVOKING Spit Poison.
    54 | D:1      | 54 ||| INVOKING Spit Poison.
    71 | D:1      | 71 ||| INVOKING Spit Poison.
    73 | D:1      | Reached skill level 4 in Ranged Weapons
    73 | D:1      | Reached XP level 2. HP: 26/26 MP: 2/2
    78 | D:1      | 78 ||| INVOKING Spit Poison.
    82 | D:1      | 82 ||| INVOKING Spit Poison.
   123 | D:1      | 123 ||| INVOKING Spit Poison.
   128 | D:1      | 128 ||| INVOKING Spit Poison.
   170 | D:1      | 170 ||| INVOKING Spit Poison.
   219 | D:1      | 219 ||| DROPPING amulet of magic regeneration.
   222 | D:1      | 222 ||| INVOKING Spit Poison.
   226 | D:1      | 226 ||| INVOKING Spit Poison.
   231 | D:1      | 231 ||| INVOKING Spit Poison.
   414 | D:1      | Found a faded altar of an unknown god.
   619 | D:2      | 619 ||| INVOKING Spit Poison.
   626 | D:2      | 626 ||| INVOKING Spit Poison.
   631 | D:2      | 631 ||| INVOKING Spit Poison.
   637 | D:2      | Reached XP level 3. HP: 28/32 MP: 3/3
   637 | D:2      | 637 ||| INVOKING Spit Poison.
   710 | D:2      | 710 ||| INVOKING Spit Poison.
   713 | D:2      | 713 ||| INVOKING Spit Poison.
   772 | D:2      | 772 ||| INVOKING Spit Poison.
   794 | D:2      | 794 ||| INVOKING Spit Poison.
   808 | D:2      | 808 ||| INVOKING Spit Poison.
   829 | D:2      | 829 ||| INVOKING Spit Poison.
   884 | D:2      | 884 ||| INVOKING Spit Poison.
   887 | D:2      | Found Vemaph's Antique Weapon Shoppe.
   895 | D:2      | 895 ||| INVOKING Spit Poison.
   899 | D:2      | 899 ||| INVOKING Spit Poison.
   903 | D:2      | 903 ||| SHOPLISTING bloodstained orcbow (221 gold, have
                  | 96).
  1052 | D:2      | 1052 ||| UPGRADING to ring of resist corrosion.
  1053 | D:2      | 1053 ||| READING scroll labelled EXINWI DIDONO.
  1054 | D:2      | 1054 ||| READING 2 scrolls labelled FATZICRUGAG.
  1055 | D:2      | 1055 ||| READING scroll labelled JAUPHOCRELL.
  1056 | D:2      | 1056 ||| READING scroll labelled WILOAB TIATO.
  1157 | D:2      | 1157 ||| DROPPING scroll of revelation.
  1192 | D:3      | 1192 ||| INVOKING Spit Poison.
  1195 | D:3      | 1195 ||| STAIRDANCE
  1197 | D:2      | 1197 ||| INVOKING Spit Poison.
  1264 | D:3      | Reached skill level 5 in Ranged Weapons
  1269 | D:3      | Reached XP level 4. HP: 39/39 MP: 4/4
  1285 | D:3      | 1285 ||| INVOKING Spit Poison.
  1321 | D:3      | 1321 ||| INVOKING Spit Poison.
  1356 | D:3      | 1356 ||| INVOKING Spit Poison.
  1359 | D:3      | 1359 ||| INVOKING Spit Poison.
  1365 | D:3      | 1365 ||| INVOKING Spit Poison.
  1426 | D:3      | You fall into a shaft and drop 2 floors!
  1426 | D:5      | Entered Level 5 of the Dungeon
  1436 | D:5      | Noticed an ice beast
  1442 | D:5      | Slain by an ice beast

Levels and vault maps discovered:
D:1:      minmay_arrival_glassed_features, layout_rooms,
          shapermc_ecumenical_altar_acropolis
D:2:      layout_rooms, serial_shops, shop
D:3:      layout_loops_ring, roderic_batcave, lemuel_flame_loot_1
D:5:      layout_loops_ring, uniq_crazy_yiuf_cottage, uniq_eustachio

Skill      XL: |  1  2  3 |
---------------+----------+-----
Ranged Weapons | 4 5 |  5.0
Fighting       | |  2.3
Dodging        | |  1.5
Stealth        | |  1.5

Action                     |  1- 3 |  4- 6 || total
---------------------------+-------+-------++-------
   Fire: Shortbow          |    82 |    20 ||   102
Ability: Spit Poison       |    27 |     5 ||    32
    Use: Scroll            |     4 |       ||     4
 Armour: Leather armour    |    15 |     7 ||    22
  Dodge: Dodged            |    20 |     9 ||    29

Table legend:
 A = Non-vault XP
 B = Vault XP
 C = Vault XP percentage of total XP
 D = Non-vault monster count
 E = Vault monster count
 F = Vault count percentage of total count
                 A         B        C        D         E       F
            +---------+---------+-------+---------+---------+-------
      Total |      86 |      10 |  10.4 |      44 |       7 |  13.7
            +---------+---------+-------+---------+---------+-------
        D:1 |      30 |       0 |   0.0 |      18 |       0 |   0.0
        D:2 |      50 |       0 |   0.0 |      21 |       0 |   0.0
        D:3 |       6 |      10 |  62.5 |       5 |       7 |  58.3
            +---------+---------+-------+---------+---------+-------
